 Dungeon Crawl Stone Soup version 0.30.1-3-gfc49f6343a (webtiles) character file.

Game seed: 4914504267385450820

49 Spacey the Conjurer (level 3, 0/24 HPs)
             Began as a Demonspawn Conjurer on Aug 2, 2023.
             Slain by a scorpion (6 damage)
             ... on level 2 of the Dungeon.
             The game lasted 00:04:55 (1478 turns).

Spacey the Conjurer (Demonspawn Conjurer)           Turns: 1478, Time: 00:04:55

Health: 0/24       AC:  3    Str:  4 (7)  XL:     3   Next: 53%
Magic:  3/8        EV: 12    Int: 21 (23) God:
Gold:   106        SH:  0    Dex:  9 (11) Spells: 8/9 levels left

rFire   . . .        f - +0 dagger (pain)
rCold   . . .        (no shield)
rNeg    . . .        a - +0 robe
rPois   .            (no helmet)
rElec   .            (no cloak)
rCorr   .            (no gloves)
SInv    .            j - +0 pair of boots
Will    .....        (no amulet)
Stlth   ++           (no ring)
HPRegen 0.24/turn    (no ring)
MPRegen 0.11/turn

%: no passive effects
@: brilliant, lethally poisoned (0 -> -8)
A: big brain 1
a: no special abilities


You were on level 2 of the Dungeon.
You visited 1 branch of the dungeon, and saw 2 of its levels.

You collected 106 gold pieces.

Inventory:

Hand Weapons
 f - a +0 dagger of pain (weapon)
Missiles
 k - a throwing net
Armour
 a - a +0 robe (worn)
 j - a +0 pair of boots (worn)
Scrolls
 d - 3 scrolls of identify {unknown}
 g - a scroll of torment {unknown}
 h - a scroll of butterflies {unknown}
 i - a scroll of enchant armour {unknown}
Potions
 b - a potion of magic


   Skills:
 - Level 1.7 Dodging
 - Level 1.7 Stealth
 + Level 3.7 Spellcasting
 - Level 4.0 Conjurations


You had 8 spell levels left.
You knew the following spells:

 Your Spells              Type           Power      Damage    Failure   Level
a - Magic Dart            Conj           100%       1d8       2%          1

Your spell library contained the following spells:

 Spells                   Type           Power      Damage    Failure   Level
 Searing Ray              Conj           62%        2d6       3%          2
 Dazzling Flash           Conj/Hex       36%        N/A       16%         3
 Fulminant Prism          Conj/Hex       9%         3d7       47%         4
 Iskenderun's Mystic Bla  Conj/Tloc      18%        2d6       47%         4


Dungeon Overview and Level Annotations

Branches:
Dungeon (2/15)

Altars:


Innate Abilities, Weirdness & Mutations

You have an unusually large brain. (Int +2)


Message History

The scorpion barely misses you.
Casting: Magic Dart (safe; 1% risk of failure)
Confirm with . or Enter, or press ? or * to list all spells.
Aiming: Magic Dart (safe; 1% risk of failure)
Press: ? - help, Shift-Dir - straight line, f/p - scorpion
Aim: a scorpion (heavily wounded, 100% to hit)
The magic dart hits the scorpion.
The scorpion is severely wounded.
The scorpion stings you.
You are poisoned.
The scorpion poisons you! The scorpion stings you.
Casting: Magic Dart (safe; 1% risk of failure)
Confirm with . or Enter, or press ? or * to list all spells.
Aiming: Magic Dart (safe; 1% risk of failure)
Press: ? - help, Shift-Dir - straight line, f/p - scorpion
Aim: a scorpion (severely wounded, 100% to hit)
The magic dart hits the scorpion but does no damage.
The scorpion is severely wounded.
You feel sick. The scorpion stings you.
You are more poisoned.
The scorpion poisons you!
Casting: Magic Dart (safe; 1% risk of failure)
Confirm with . or Enter, or press ? or * to list all spells.
Aiming: Magic Dart (safe; 1% risk of failure)
Press: ? - help, Shift-Dir - straight line, f/p - scorpion
Aim: a scorpion (severely wounded, 100% to hit)
The magic dart hits the scorpion but does no damage.
The scorpion is severely wounded.
You feel very sick. The scorpion stings you.
It was a potion of brilliance.
You feel clever all of a sudden.
You feel very sick. The scorpion barely misses you.
It was a potion of degeneration.
There was something very wrong with that liquid.
You feel weakened.
You feel dopey.
You feel clumsy.
* * * LOW HITPOINT WARNING * * *
You feel sick. The scorpion stings you.
You die...

#.# #.# ##.##
#####...##
..........#
######....# ##.#.#
#.#.# #.#@#
########.#s#
.........#.##
#.#######....#####
#.# #.#......##
#.# #..##.##..#
#.# ####...##.# #
#.# ####..~..#.#
#. #.#
#..s.~~~...#


You could see a scorpion.

Vanquished Creatures
  An adder (D:2)
  A dart slug (D:2)
  7 endoplasms
  2 giant cockroaches
  4 goblins (D:2)
  4 hobgoblins
  A quokka (D:2)
  6 ball pythons
  5 frilled lizards
  4 kobolds
  A rat (D:2)
36 creatures vanquished.

Notes
Turn   | Place    | Note
-------+----------+-------------------------------------------
     0 | D:1      | Spacey the Demonspawn Conjurer began the quest for the Orb.
     0 | D:1      | Reached XP level 1. HP: 13/13 MP: 3/3
   422 | D:1      | Gained mutation: You have an unusually large brain. (Int
                  | +2) [demonic ancestry]
   422 | D:1      | Reached XP level 2. HP: 17/19 MP: 3/5
  1040 | D:2      | Reached XP level 3. HP: 24/24 MP: 3/7
  1449 | D:2      | Noticed a scorpion
  1478 | D:2      | Slain by a scorpion

Illustrated notes

Levels and vault maps discovered:
D:1:      dpeg_arrival_shelter, layout_rooms
D:2:      minmay_angry_zag, layout_loops_ring, grunt_ministairs_10,
          amcnicky_mini_pool_small

Skill      XL: |  1  2 |
---------------+-------+-----
Spellcasting   | 3 |  3.7
Dodging        | |  1.7
Stealth        | |  1.7
Conjurations   | |  4.0

Action                     || total
---------------------------++-------
  Melee: Unarmed           ||     2
         Dagger            ||     3
   Cast: Magic Dart        ||    73
    Use: Potion            ||     2
   Stab: Sleeping          ||     1
 Armour: Robe              ||     2
  Dodge: Dodged            ||    10
